 Dungeon Crawl Stone Soup version 0.31-a0-175-g9f7f995f2b (webtiles) character file.

Game seed: 11836797047871881650

31 Moral the Ducker (level 3, -6/29 HPs)
             Began as a Merfolk Gladiator on June 17, 2023.
             Mangled by Sigmund
             ... wielding a +2 scythe of protection
              (11 damage)
             ... on level 2 of the Dungeon.
             The game lasted 00:03:10 (984 turns).

Moral the Ducker (Merfolk Gladiator)                 Turns: 984, Time: 00:03:16

Health: -6/29      AC:  5    Str: 14    XL:     3   Next: 22%
Magic:  3/3        EV: 13    Int:  7    God:
Gold:   59         SH:  0    Dex: 17    Spells: 2/2 levels left

rFire   . . .        a - +0 long sword
rCold   . . .        (no shield)
rNeg    . . .        b - +0 leather armour
rPois   .            c - +0 helmet
rElec   .            (no cloak)
rCorr   .            (no gloves)
SInv    +            e - +0 pair of boots
Will    .....        g - amulet of regeneration
Stlth   +            m - ring of see invisible
HPRegen 1.04/turn    o - +4 ring of slaying
MPRegen 0.08/turn

%: no passive effects
@: no status effects
A: (nimble swimmer 2), mertail
a: no special abilities


You were on level 2 of the Dungeon.
You visited 1 branch of the dungeon, and saw 2 of its levels.

You collected 59 gold pieces.

Inventory:

Hand Weapons
 a - a +0 long sword (weapon)
Armour
 b - a +0 leather armour (worn)
 c - a +0 helmet (worn)
 e - a +0 pair of boots (worn)
Jewellery
 g - an amulet of regeneration (around neck)
 h - a ring of wizardry
 l - a +4 ring of protection
 m - a ring of see invisible (left hand)
 o - a +4 ring of slaying (right hand)
Scrolls
 d - 6 scrolls of identify {unknown}
 f - 3 scrolls of teleportation {unknown}
 j - a scroll of revelation {unknown}
Potions
 i - a potion of curing {unknown}
 k - a potion of attraction {unknown}
 n - a potion of brilliance {unknown}


   Skills:
 + Level 3.0 Fighting
 + Level 4.1 Long Blades
 - Level 2.0 Throwing
 + Level 4.5 Dodging


You had 2 spell levels left.
You didn't know any spells.
Your spell library was empty.

Dungeon Overview and Level Annotations

Branches:
Dungeon (2/15)

Altars:

Annotations:
D:2 Sigmund


Innate Abilities, Weirdness & Mutations

((You are very nimble when in or above water. (Stealth+, EV+, Speed+++)))
Your lower body shifts to a powerful aquatic tail in water.


Message History

You feel less confused. Sigmund gestures at you while chanting.
You are confused.
You barely miss Sigmund.
Sigmund hits you with a +2 scythe of protection.
* * * LOW HITPOINT WARNING * * *
Sigmund misses you.
You slash Sigmund! You punch Sigmund.
Sigmund is heavily wounded.
Sigmund closely misses you.
You bump into the rock wall.
You feel less confused. Sigmund closely misses you.
You slash Sigmund!
Sigmund is severely wounded.
Sigmund laughs darkly.
Sigmund completely misses you.
You closely miss Sigmund.
Sigmund is severely wounded.
Sigmund misses you.
You hit Sigmund.
Sigmund is almost dead.
You closely miss Sigmund.
Sigmund is almost dead.
Sigmund hits you with a +2 scythe of protection!
You hit Sigmund but do no damage.
Sigmund is almost dead.
Sigmund closely misses you.
You closely miss Sigmund.
Sigmund is almost dead.
Sigmund closely misses you.
You barely miss Sigmund.
Sigmund is almost dead.
You barely miss Sigmund.
Sigmund is almost dead.
Sigmund casts a spell at you. The puff of flame hits you!
* * * LOW HITPOINT WARNING * * *
Sigmund hits you with a +2 scythe of protection!
You die...

#######.#
.....##.#
####.##.# #.##.# #
#.##.# #.##.#
#####
#.##.######...#
##.#.##........#.#
...#.###########@#
...#......#....#@#
...#..###.#.##.#.#
##.#..# #.#.##.#..
...#..#
#.#.##.#######
..##.##
#.#..........#
...#.#
#.#..#.#####.#
...#.# #.#†.#...#
#.# .>.#.#
#.#..###.# #.#


You could see Sigmund.

Vanquished Creatures
  An adder (D:2)
  2 giant cockroaches
  A goblin (D:1)
  3 hobgoblins
  A jackal (D:2)
  2 kobolds (D:1)
  A quokka (D:1)
  2 ball pythons (D:1)
  4 bats (D:1)
  5 rats (D:1)
22 creatures vanquished.

Notes
Turn   | Place    | Note
-------+----------+-------------------------------------------
     0 | D:1      | Moral the Merfolk Gladiator began the quest for the Orb.
     0 | D:1      | Reached XP level 1. HP: 16/16 MP: 1/1
   149 | D:1      | Reached XP level 2. HP: 21/23 MP: 2/2
   781 | D:2      | Reached XP level 3. HP: 25/28 MP: 3/3
   942 | D:2      | Noticed Sigmund
   984 | D:2      | Mangled by Sigmund

Illustrated notes

Levels and vault maps discovered:
D:1:      onia_arrival_mini_maze_b, layout_rooms, serial_aquarium,
          aquarium_bridge_long_separate [aquarium_subvault_wall,
          aquarium_subvault_bridge, aquarium_subvault_bridge,
          aquarium_subvault_window, aquarium_subvault_bridge,
          aquarium_subvault_bridge], aquarium_bridge_square
          [aquarium_subvault_bridge, aquarium_subvault_bridge,
          aquarium_subvault_bridge, aquarium_subvault_balcony],
          aquarium_window_fake, aquarium_window_corner, aquarium_window_1,
          aquarium_view_2e, aquarium_balcony_5a, aquarium_pool_S, minivault_25
D:2:      layout_basic, serial_glass, glass_columns_b, glass_columns_a,
          uniq_sigmund

Skill      XL: |  1  2  3 |
---------------+----------+-----
Long Blades    | 4 |  4.1
Fighting       | 3 |  3.0
Throwing       | |  2.0
Dodging        | |  4.5

Action                     || total
---------------------------++-------
  Melee: Long sword        ||    98
         Punch             ||     1
   Stab: Sleeping          ||     1
 Armour: Leather armour    ||    49
  Dodge: Dodged            ||   100

Table legend: (Time is in decaauts)
 A = Elapsed time spent in this place.
 B = Non-inter-level travel time spent in this place.
 C = Inter-level travel time spent in this place.
 D = Time resting spent in this place.
 E = Time spent auto-exploring this place.
 F = Levels seen in this place.
 G = Mean time per level.
                   A        B        C        D        E       F      G
               +--------+--------+--------+--------+--------+-----+--------+
         Total |   1000 |    971 |     29 |      0 |    613 |   2 |  500.0 |
       Dungeon |   1000 |    971 |     29 |      0 |    613 |   2 |  500.0 |
               +--------+--------+--------+--------+--------+-----+--------+

Top non-repeatable levels by time:
     D:1: 717 daAuts
     D:2: 283 daAuts
